cohdb
Replays
Latest Replays
All Replays
Popular Replays
Top Player Replays
Match Explorer
How It Works
Community
CoH3 Stats
Reddit
Sign in to upload your games and track your stats! →
Sign in with Steam
Match 42105780
Unlisted
Match 42105780
Overview
Messages
Build Orders
End
Vickers Machine Gun Team
Construct Section Command Post
Construct Section Command Post
Infantry Section
Dingo Light Scout Car
Royal Engineer Section
Infantry Section
Construct Platoon Command Post
Unlock M3 Stuart Light Tanks
Grenade Package
M3 Stuart Light Tank
Selects Canadian Shock Battlegroup
Selects Canadian Shock Battlegroup
Selects Burnout
Selects Attacking Spirit
Selects Canadian Shock Section
Construct Field Infirmary
Royal Engineer Section
Burnout
Canadian Shock Section
Burnout
ßoo
Tactical Nuclear Cow
Colbear
Yodahoda
0
0
Comments
sign in to comment!
No comments posted yet!